 Dungeon Crawl Stone Soup version 0.24.0-35-gdb84b6a5db (webtiles) character file.

Game seed: 16656117333047119778, levelgen mode: deterministic

2251 Curus the Cleaver (level 9, 0/70 HPs)
             Began as a Minotaur Abyssal Knight on Nov 17, 2019.
             Was a Priest of Lugonu.
             Succumbed to an orc wizard's poison
             ... on level 7 of the Dungeon.
             The game lasted 00:20:03 (6030 turns).

Curus the Cleaver (Minotaur Abyssal Knight)         Turns: 6030, Time: 00:20:04

Health: 0/70       AC: 13    Str: 19    XL:     9   Next: 15%
Magic:  14/14      EV:  8    Int:  9    God:    Lugonu [***...]
Gold:   372        SH:  3    Dex: 13    Spells: 8/8 levels left

rFire    . . .     SeeInvis .   a - +2 hand axe
rCold    . . .     Gourm    .   l - +0 buckler
rNeg     . . .     Faith    .   v - +0 plate armour
rPois    .         Spirit   .   (helmet restricted)
rElec    .         Reflect  .   s - +0 cloak
rCorr    .         Harm     .   h - +0 pair of gloves
MR       .....                  (no boots)
Stlth    ..........             (no amulet)
HPRegen  0.21/turn              u - +2 ring of strength
MPRegen  0.14/turn              i - +3 ring of evasion

@: lethally poisoned (0 -> -19)
A: retaliatory headbutt, horns 2
a: Depart the Abyss, Bend Space, Banish, Renounce Religion


You were on level 7 of the Dungeon.
You worshipped Lugonu.
Lugonu was most pleased with you.
You were not hungry.

You visited 1 branch of the dungeon, and saw 7 of its levels.
You visited the Abyss 1 time.

You collected 372 gold pieces.

Inventory:

Hand Weapons
 a - a +2 hand axe (weapon)
Armour
 b - a +0 leather armour
 f - a +0 ring mail
 h - a +0 pair of gloves (worn)
 l - a +0 buckler (worn)
 q - a +0 scale mail
 s - a +0 cloak (worn)
 v - a +0 plate armour (worn)
Jewellery
 d - an uncursed ring of positive energy
 i - a +3 ring of evasion (right hand)
 o - an uncursed ring of protection from fire
 u - a +2 ring of strength (left hand)
Wands
 p - a wand of flame (30)
 r - a wand of polymorph (5)
Scrolls
 e - 2 scrolls of teleportation
 g - 3 scrolls of remove curse
 j - 3 scrolls of fear
 k - 7 scrolls of identify
 m - a scroll of amnesia
 w - 2 scrolls of magic mapping
Potions
 n - 2 potions of flight
 t - a potion of resistance
Comestibles
 c - 12 rations


   Skills:
 - Level 3.6 Fighting
 + Level 10.5 Axes
 - Level 2.4 Armour
 - Level 1.1 Dodging
 + Level 8.8 Invocations


You had 8 spell levels left.
You didn't know any spells.
Your spell library contained the following spells:

 Spells                   Type           Power        Failure   Level  Hunger
 Magic Dart               Conj           #...         100%        1    ##.....
 Shock                    Conj/Air       #...         100%        1    ##.....
 Blink                    Tloc           N/A          100%        2    ###....
 Call Imp                 Summ           #.......     100%        2    ###....
 Slow                     Hex            #.......     100%        2    ###....
 Swiftness                Chrm/Air       #.......     100%        2    ###....
 Conjure Flame            Conj/Fire      #.......     100%        3    ####...
 Mephitic Cloud           Conj/Pois/Air  #.......     100%        3    ####...
 Static Discharge         Conj/Air       #.......     100%        3    ####...
 Airstrike                Air            #.........   100%        4    #####..
 Lightning Bolt           Conj/Air       #.........   100%        5    ######.


Dungeon Overview and Level Annotations

Branches:
Dungeon (7/15)             Temple (0/1) D:6

Altars:
Dithmenos
Fedhas
Gozag
Hepliaklqana
Makhleb
Nemelex Xobeh
Xom
Yredelemnul
Zin

Annotations:
D:6 1 runed translucent door, PentaManta's ghost, novice OpFi


Innate Abilities, Weirdness & Mutations

You reflexively headbutt those who attack you in melee.
You have a pair of horns on your head.


Message History

You feel very sick.
You closely miss the orc priest.
The orc priest is almost dead.
* * * LOW HITPOINT WARNING * * *
You feel sick.
The orc priest hits you with a +0 flail.
* * * LOW HITPOINT WARNING * * *
Unknown command.
You hit the orc priest.
You kill the orc priest!
Lugonu accepts your kill.
* * * LOW HITPOINT WARNING * * *
You feel sick.
* * * LOW HITPOINT WARNING * * *
You feel very sick.
Things that are here:
a +0 flail; a +0 leather armour; an orc corpse
* * * LOW HITPOINT WARNING * * *
You feel sick.
You die...

.... #.##.# #.
... #.##.# #.
#.### #.##.# ## #
##...## #.##.#
#.##.....###.##..
#.........##.##..
#......))..#...
#.......###.#
#....@.## .#
........## .#
........# #.
#######.# # #.#
#.# #.# #..


There were no monsters in sight!

Vanquished Creatures
  Joseph (D:7)
  A hippogriff (D:7)
  A sky beast (D:7)
  An orc warrior (D:7)
  A necrophage (D:6)
  A phantom (D:6)
  A bullfrog (D:6)
  4 howler monkeys
  A crimson imp (D:7)
  A quasit (D:7)
  7 orc wizards
  2 hounds (D:7)
  4 jellies
  2 bullfrog skeletons (D:4)
  Crazy Yiuf (D:4)
  A centaur skeleton (D:4)
  2 orc priests
  3 iguanas
  3 worker ants
  2 hound zombies
  A hound skeleton (D:7)
  3 gnolls (D:4)
  7 adders
  A shadow imp (D:6)
  4 oozes
  An adder zombie (D:7)
  An adder skeleton (D:4)
  4 dart slugs
  2 leopard geckos
  14 orcs
  4 giant cockroaches
  8 goblins
  9 hobgoblins
  4 jackals (D:6)
  2 quokkas
  A ball python (D:1)
  6 bats
  4 frilled lizards
  A jackal skeleton (D:5)
  6 kobolds
  2 quokka skeletons
  8 rats
133 creatures vanquished.

Vanquished Creatures (others)
  An orc warrior (D:7)
  An ice beast (D:6)
2 creatures vanquished.

Grand Total: 135 creatures vanquished

Notes
Turn   | Place    | Note
-------+----------+-------------------------------------------
     0 | Abyss:1  | Curus the Minotaur Abyssal Knight began the quest for the
                  | Orb.
     0 | Abyss:1  | Reached XP level 1. HP: 19/19 MP: 1/1
    77 | D:1      | Escaped the Abyss
   177 | D:1      | Reached * piety under Lugonu
   290 | D:1      | Reached skill level 3 in Axes
   290 | D:1      | Reached XP level 2. HP: 22/26 MP: 2/2
   662 | D:1      | Reached XP level 3. HP: 31/31 MP: 4/4
  1633 | D:2      | Found a blossoming altar of Fedhas.
  1635 | D:2      | Found a sparkling altar of Nemelex Xobeh.
  1635 | D:2      | Found a shimmering altar of Xom.
  1637 | D:2      | Found a hazy altar of Hepliaklqana.
  1637 | D:2      | Found a burning altar of Makhleb.
  1637 | D:2      | Found a shadowy altar of Dithmenos.
  2018 | D:3      | Reached skill level 4 in Axes
  2018 | D:3      | Reached XP level 4. HP: 39/39 MP: 5/5
  2201 | D:3      | Reached ** piety under Lugonu
  2268 | D:3      | Found a faded altar of an unknown god.
  2385 | D:3      | Found a basalt altar of Yredelemnul.
  2697 | D:4      | Reached XP level 5. HP: 40/45 MP: 6/6
  2749 | D:4      | Reached skill level 5 in Axes
  3162 | D:4      | Reached XP level 6. HP: 39/51 MP: 8/8
  3282 | D:4      | Found a runed translucent door.
  3283 | D:4      | Noticed Crazy Yiuf
  3355 | D:4      | Reached skill level 6 in Axes
  3367 | D:4      | Reached skill level 5 in Invocations
  3482 | D:4      | Killed Crazy Yiuf
  3546 | D:5      | Entered Level 5 of the Dungeon
  3646 | D:5      | Found an opulent altar of Gozag.
  3876 | D:5      | Found a shadowy altar of Dithmenos.
  4046 | D:5      | Reached XP level 7. HP: 57/57 MP: 10/10
  4145 | D:5      | Reached *** piety under Lugonu
  4204 | D:6      | Found a staircase to the Ecumenical Temple.
  4296 | D:6      | Reached skill level 7 in Axes
  4352 | D:6      | Found a runed translucent door.
  4352 | D:6      | Noticed PentaManta's ghost (novice OpFi)
  4717 | D:6      | Reached skill level 8 in Axes
  4966 | D:7      | Reached XP level 8. HP: 64/64 MP: 10/12
  5018 | D:7      | Noticed a hippogriff
  5036 | D:7      | Killed a hippogriff
  5036 | D:7      | Reached skill level 9 in Axes
  5640 | D:7      | Noticed Joseph
  5665 | D:7      | Killed Joseph
  5665 | D:7      | Reached skill level 10 in Axes
  5665 | D:7      | Reached XP level 9. HP: 42/70 MP: 14/14
  5941 | D:7      | Found a glowing silver altar of Zin.
  6029 | D:7      | HP: 2/70 [poisoned by an orc wizard]
  6030 | D:7      | Succumbed to an orc wizard's poison

Levels and vault maps discovered:
D:1:      evilmike_arrival_rings, layout_basic, hangedman_feature_mirror
D:2:      layout_basic, doesnt_xom_only_xom
D:3:      layout_basic, lemuel_doored_altar, first_ration,
          chequers_ecumenical_altar_simple, chequers_big_river, minmay_vboxes
D:4:      minmay_angry_zag, layout_rooms, uniq_crazy_yiuf_cottage
D:5:      layout_basic, nicolae_gozag_seed_capital,
          nicolae_dithmenos_through_a_glass_darkly
D:6:      layout_basic, nicolae_overflow_hidden_temple,
          minmay_temple_entry_offerings, hellmonk_ghost_happy_afterlife
D:7:      layout_loops_ring, kennysheep_mini, old_standard_altar, uniq_joseph,
          uniq_pikel

Skill      XL: |  1  2  3  4  5  6  7  8 |
---------------+-------------------------+-----
Invocations    | 2 3 4 5 6 8 |  8.8
Axes           | 3 4 5 6 8 10 | 10.5
Fighting       | |  3.6
Armour         | |  2.4
Dodging        | |  1.1

Action                   |  1- 3 |  4- 6 |  7- 9 || total
-------------------------+-------+-------+-------++-------
Melee: Hand axe          |    86 |   153 |   240 ||   479
       Headbutt          |     9 |    26 |    38 ||    73
Invok: Depart the Abyss  |     1 |       |       ||     1
       Banish            |       |       |     2 ||     2
Evoke: Wand              |       |       |     1 ||     1
  Use: Scroll            |     8 |     1 |     2 ||    11
       Potion            |     3 |     4 |     3 ||    10
  Eat: Chunk             |     3 |     6 |     8 ||    17
Armor: Leather armour    |     6 |       |       ||     6
       Ring mail         |    24 |    12 |       ||    36
       Scale mail        |       |    23 |    38 ||    61
       Plate armour      |       |       |    37 ||    37
Dodge: Dodged            |    38 |    67 |    74 ||   179
Block: Buckler           |       |    15 |    24 ||    39
